 Dungeon Crawl Stone Soup version 0.24-a0-549-g45f0056d81 (webtiles) character file.

Game seed: 6721524243509262803

10218 Flugkiller the Jinx (level 11, -12/72 HPs)
             Began as an Octopode Enchanter on Aug 20, 2019.
             Was a Priest of Nemelex Xobeh.
             Engulfed by an ice statue's freezing vapour (20 damage)
             ... in an ice cave.
             The game lasted 00:32:35 (18182 turns).

Flugkiller the Jinx (Octopode Enchanter)           Turns: 18182, Time: 00:32:35

Health: -12/72     AC:  1    Str: 13    XL:     11   Next: 58%
Magic:  18/18      EV: 18    Int: 19    God:    Nemelex Xobeh [***...]
Gold:   461        SH:  0    Dex: 13    Spells: 8/16 levels left

rFire    . . .     SeeInvis .   i - +3 short sword (venom)
rCold    . . .     Gourm    .   (no shield)
rNeg     . . .     Faith    .   (helmet restricted)
rPois    .         Spirit   .   (no amulet)
rElec    .         Reflect  .   H - +4 ring of strength
rCorr    .         Harm     .   u - ring of wizardry
MR       .....                  (no ring)
Stlth    ++++......             (no ring)
HPRegen  0.22/turn              (no ring)
MPRegen  0.16/turn              (no ring)
                                (no ring)
                                (no ring)

@: no status effects
A: almost no armour, stealthy swim, amphibious, 8 rings, constrict 8, camouflage
1, gelatinous body 1
a: Draw Escape, Draw Destruction, Draw Summoning, Triple Draw, Renounce Religion


You were in an ice cave.
You worshipped Nemelex Xobeh.
Nemelex Xobeh was most pleased with you.
You were not hungry.

You visited 3 branches of the dungeon, and saw 13 of its levels.
You also visited: Sewer, Ossuary, Ice Cave and Volcano.

You collected 557 gold pieces.
You spent 96 gold pieces at shops.

Inventory:

Hand Weapons
 a - a +0 longbow
   (You found it on level 6 of the Dungeon)
 i - a +3 short sword of venom (weapon)
   (You took it off Terence on level 2 of the Dungeon)
 l - a cursed -3 dagger
   (You found it on level 4 of the Dungeon)
 t - a +2 dagger of venom
   (You took it off an orc wizard on level 5 of the Dungeon)
Missiles
 m - 37 poisoned darts
 n - 4 throwing nets (quivered)
Armour
 r - a +1 shield
   (You found it on level 4 of the Dungeon)
Jewellery
 u - a ring of wizardry (right tentacle)
   (You found it on level 9 of the Dungeon)
 H - a +4 ring of strength (left tentacle)
   (You found it on level 9 of the Dungeon)
 J - the ring of Rizaus {rPois MP-9 Str+6 Dex+3}
   (You found it on level 1 of the Lair of Beasts)

   [ring of poison resistance]

   It affects your strength (+6).
   It affects your dexterity (+3).
   It protects you from poison.
   It affects your magic capacity (-9).
Wands
 e - a wand of polymorph (7)
   (You found it on level 2 of the Dungeon)
 j - a wand of digging (4)
   (You found it on level 3 of the Dungeon)
 k - a wand of flame (60)
   (You took it off Ijyb on level 3 of the Dungeon)
 s - a wand of paralysis (16)
   (You found it on level 5 of the Dungeon)
 E - a wand of disintegration (14)
   (You found it on level 7 of the Dungeon)
 F - a wand of iceblast (9)
   (You took it off Maurice on level 8 of the Dungeon)
 I - a wand of enslavement (7)
   (You found it on level 10 of the Dungeon)
Scrolls
 b - 6 scrolls of teleportation
 o - 3 scrolls of enchant weapon
 p - a scroll of silence
 x - 4 scrolls of enchant armour
 y - a scroll of amnesia
 A - 2 scrolls of magic mapping
 G - a scroll of summoning {unknown}
Potions
 c - 3 potions of berserk rage
 d - 4 potions of flight
 g - 6 potions of curing
 h - 2 potions of brilliance
 q - 2 potions of lignification
 v - a potion of resistance {unknown}
 z - 5 potions of invisibility
 B - a potion of ambrosia
 C - a potion of agility
 D - 2 potions of haste
Comestibles
 f - 14 rations


   Skills:
 - Level 6.0 Fighting
 - Level 1.0 Short Blades
 + Level 8.3 Dodging
 - Level 7.2 Stealth
 - Level 3.0 Spellcasting
 - Level 10.0 Hexes
 - Level 10.0 Invocations
 - Level 5.0 Evocations


You had 8 spell levels left.
You knew the following spells:

 Your Spells              Type           Power        Failure   Level  Hunger
a - Tukima's Dance        Hex            #####...     1%          3    ###....
b - Ensorcelled Hibernat  Hex/Ice        ###...       1%          2    ##.....
c - Confuse               Hex            #####...     1%          3    ###....

Your spell library contained the following spells:

 Spells                   Type           Power        Failure   Level  Hunger
 Corona                   Hex            #####..      1%          1    None
 Dazzling Spray           Conj/Hex       ###...       2%          3    ###....
 Summon Guardian Golem    Hex/Summ       ###.....     2%          3    ###....
 Animate Skeleton         Necr           N/A          6%          1    None
 Pain                     Necr           #...         6%          1    None
 Summon Small Mammal      Summ           #...         6%          1    None
 Call Imp                 Summ           #.......     9%          2    ##.....
 Call Canine Familiar     Summ           #.......     17%         3    ###....
 Regeneration             Chrm/Necr      #.........   17%         3    ###....
 Vampiric Draining        Necr           #.........   17%         3    ###....
 Animate Dead             Necr           N/A          50%         4    ####...
 Summon Ice Beast         Ice/Summ       #.......     50%         4    ####...
 Summon Lightning Spire   Summ/Air       #.......     50%         4    ####...


Dungeon Overview and Level Annotations

Branches:
Dungeon (10/15)            Temple (1/1) D:6            Lair (2/6) D:10
  Swamp: Lair:2-4    Shoals: Lair:2-4     Snake: Lair:2-4    Spider: Lair:2-4
    Orc: D:9-12

Altars:
Cheibriados
Dithmenos
Elyvilon
Makhleb
Nemelex Xobeh
Okawaru
Qazlal
Uskayaw
Vehumet
Wu Jian
Yredelemnul
Zin
The Shining One

Shops:
D:7 *

Annotations:
D:3 Grinder
D:5 3 runed translucent doors, Flugkiller's ghost, novice OpWn
D:8 3 runed translucent doors, Conn's ghost, novice OpFE
D:10 1 runed translucent door
Lair:1 2 transporters, slayr's ghost, journeyman OpFE IceCv exclusion: 2 ice statues


Innate Abilities, Weirdness & Mutations

You cannot wear most types of armour.
You are very stealthy in the water. (Stealth+)
You are amphibious.
You can wear up to eight rings at the same time.
You can use your tentacles to constrict eight enemies at once.
Your skin changes colour to match your surroundings (Stealth+).
Your rubbery body absorbs attacks. (AC +1, EV +1)


Message History

You see here a rime drake skeleton.
You hit the ice beast but do no damage.
The ice beast looks as sick as possible!
Your squeeze misses the ice beast.
The ice beast is heavily wounded.
The ice beast misses you.
You barely miss the ice beast.
The ice beast is severely wounded.
The ice beast hits you but does no damage.
You barely miss the ice beast.
The ice beast is severely wounded.
The ice beast closely misses you.
You hit the ice beast.
The ice beast is severely wounded.
The ice beast closely misses you.
You hit the ice beast. You squeeze the ice beast.
The ice beast is almost dead.
The ice beast closely misses you.
You barely miss the ice beast.
The ice beast is almost dead.
The ice beast closely misses you. x2
You closely miss the ice beast.
The ice beast is almost dead.
You kill the ice beast!
You see here a rime drake skeleton.
You start resting.
All of the chunks of flesh in your inventory have rotted away.
HP restored.
Really walk into a travel-excluded area?
You draw a card...
You have drawn Vitriol.
Press: ? - help, Shift-Dir - straight line, f - ice statue
Aim: an ice statue (hasn't noticed you)
The bolt of acid hits the ice statue!!
The ice statue is splashed with acid.
The acid corrodes the ice statue!
The ice statue is heavily damaged.
The ice statue gestures at you. The freezing blast engulfs you!
You draw a card...
You have drawn Pain.
Press: ? - help, Shift-Dir - straight line, f/p - ice statue
Aim: an ice statue (heavily damaged, covered in acid)
The ice statue is unaffected.
You are engulfed in freezing vapours.
The ice statue gestures at you. The bolt of cold hits you!!
* * * LOW HITPOINT WARNING * * *
You are engulfed in freezing vapours.
You die...
Your body glows slightly and disappears.

#..... ##.....##
#.......# #.......8 ####
........## ######..##
.........### ##..##....##
......○☼○..###..........#
......☼☼@...#.......∩.∩.#
......§○☼##....##.......#
......☼.####..#####....##
........8 #### ##..##
........## #### #......##
##....# ##..# ###


There were no monsters in sight!

Vanquished Creatures
  A two-headed ogre (D:7)
  Erica (D:9)
  Maurice (D:8)
  A spiny frog (Lair:1)
  A komodo dragon (Lair:1)
  2 rime drakes (IceCv)
  5 blink frogs (Lair:1)
  A spriggan (D:7)
  3 yaks (D:9)
  A wyvern (D:10)
  A basilisk (Lair:1)
  A hungry ghost (D:10)
  Eustachio (D:5)
  A water moccasin (D:9)
  3 orc warriors
  4 porcupines
  A black bear (D:10)
  12 ice beasts
  2 centaurs
  2 ogres
  4 crocodiles (D:10)
  3 bullfrogs
  2 big kobolds
  3 water moccasin zombies
  2 scorpions
  A water moccasin skeleton (D:7)
  3 wights (D:9)
  A howler monkey (D:7)
  3 crimson imps
  A bullfrog zombie (D:6)
  A jelly (D:8)
  7 orc priests
  5 hounds
  11 orc wizards
  Terence (D:2)
  Ijyb (D:3)
  3 iguanas
  4 bullfrog skeletons
  11 worker ants
  2 big kobold zombies (Ossuary)
  A hound zombie (D:5)
  A hound skeleton (D:4)
  2 mummies (Ossuary)
  2 worker ant zombies
  Robin (D:2)
  18 adders
  3 river rats (Sewer)
  A shadow imp (D:10)
  2 oozes
  3 adder zombies (Ossuary)
  An adder skeleton (D:6)
  A worm (D:3)
  2 dart slugs
  5 leopard geckos
  40 orcs
  7 ball pythons
  6 bats
  6 giant cockroaches
  15 goblins
  5 hobgoblins
  13 jackals
  6 quokkas
  11 frilled lizards
  2 giant cockroach zombies (D:5)
  5 gnoll zombies (Ossuary)
  7 hobgoblin zombies (Ossuary)
  35 kobolds
  3 kobold zombies (Ossuary)
  4 orc zombies (Ossuary)
  2 quokka zombies
  32 rats
356 creatures vanquished.

Vanquished Creatures (collateral kills)
  Harold (D:8)
1 creature vanquished.

Vanquished Creatures (others)
  A dancing weapon (D:6)
  5 fungi (D:10)
  2 plants (D:10)
8 creatures vanquished.

Grand Total: 365 creatures vanquished

Notes
Turn   | Place    | Note
-------+----------+-------------------------------------------
     0 | D:1      | Flugkiller the Octopode Enchanter began the quest for the
                  | Orb.
     0 | D:1      | Reached XP level 1. HP: 11/11 MP: 3/3
   920 | D:1      | Reached XP level 2. HP: 17/17 MP: 5/5
  1023 | D:1      | Reached skill level 5 in Stealth
  1814 | D:2      | Reached XP level 3. HP: 21/21 MP: 6/6
  2072 | D:1      | Learned a level 2 spell: Ensorcelled Hibernation
  2076 | D:1      | Learned a level 3 spell: Confuse
  2078 | D:2      | Noticed Robin
  2189 | D:2      | Noticed Terence
  2661 | D:2      | Killed Terence
  2661 | D:2      | Reached XP level 4. HP: 27/27 MP: 4/7
  3006 | D:2      | Killed Robin
  3006 | D:2      | Reached XP level 5. HP: 26/31 MP: 5/8
  3034 | D:2      | Found a snail-covered altar of Cheibriados.
  3658 | D:3      | Noticed Ijyb
  3667 | D:3      | Killed Ijyb
  4134 | D:3      | Reached XP level 6. HP: 28/36 MP: 7/10
  4242 | D:3      | Reached skill level 5 in Hexes
  4716 | D:3      | Noticed Grinder
  4930 | D:3      | Found a basalt altar of Yredelemnul.
  5472 | D:4      | Reached XP level 7. HP: 35/41 MP: 8/11
  5796 | D:4      | Reached skill level 1 in Fighting
  6416 | D:5      | Entered Level 5 of the Dungeon
  7003 | D:5      | Noticed Eustachio
  7017 | D:5      | Killed Eustachio
  7017 | D:5      | Reached XP level 8. HP: 43/52 MP: 8/12
  7127 | D:5      | Reached skill level 5 in Dodging
  7241 | D:5      | Learned a level 3 spell: Tukima's Dance
  7351 | D:5      | Found a runed translucent gate.
  7351 | D:5      | Found a runed translucent gate.
  7351 | D:5      | Noticed a two-headed ogre
  7353 | D:5      | Found a runed translucent gate.
  7354 | D:5      | Noticed Flugkiller's ghost (novice OpWn)
  7489 | D:5      | Found a stormy altar of Qazlal.
  7796 | D:6      | Found a staircase to the Ecumenical Temple.
  7827 | Temple   | Entered the Ecumenical Temple
  7887 | Temple   | Became a worshipper of Nemelex Xobeh the Trickster
  8015 | D:6      | Reached skill level 1 in Invocations
  8230 | D:6      | Found a glowing drain.
  8231 | D:6      | Received a gift from Nemelex Xobeh
  8292 | Sewer    | Entered a sewer
  9152 | D:6      | Reached * piety under Nemelex Xobeh
  9296 | D:6      | Reached XP level 9. HP: 40/56 MP: 10/13
  9678 | D:7      | Found Migez's Assorted Antiques.
  9683 | D:7      | Bought a scroll labeled GENKO ORIED for 32 gold pieces
  9683 | D:7      | Bought a scroll of identify for 64 gold pieces
  9785 | D:7      | Reached skill level 5 in Invocations
  9998 | D:7      | Found a sand-covered staircase.
 10001 | D:7      | Received a gift from Nemelex Xobeh
 10010 | Ossuary  | Entered an ossuary
 10822 | D:8      | Noticed a two-headed ogre
 11480 | D:7      | Killed a two-headed ogre
 11809 | D:8      | Reached ** piety under Nemelex Xobeh
 11851 | D:8      | Noticed Maurice
 11861 | D:8      | Killed Maurice
 11861 | D:8      | Reached XP level 10. HP: 57/65 MP: 13/15
 11871 | D:8      | Found a runed translucent gate.
 11871 | D:8      | Found a runed translucent gate.
 11871 | D:8      | Found a runed translucent gate.
 11871 | D:8      | Noticed Conn's ghost (novice OpFE)
 11982 | D:8      | Received a gift from Nemelex Xobeh
 12046 | D:8      | Noticed Harold
 12067 | D:8      | Killed Harold
 12412 | D:9      | Noticed Erica
 12704 | D:9      | Found a hide-covered altar of Uskayaw.
 12774 | D:9      | Found a shadowy altar of Dithmenos.
 12776 | D:9      | Received a gift from Nemelex Xobeh
 12879 | D:9      | Reached skill level 5 in Fighting
 13553 | D:9      | Found a radiant altar of Vehumet.
 14183 | D:9      | Found a hide-covered altar of Uskayaw.
 14192 | D:9      | Killed Erica
 14230 | D:9      | Found a shadowy altar of Dithmenos.
 14236 | D:9      | Found a radiant altar of Vehumet.
 14520 | D:10     | Entered Level 10 of the Dungeon
 14555 | D:10     | Found a staircase to the Lair.
 14559 | D:10     | Reached skill level 10 in Hexes
 14559 | D:10     | Reached skill level 5 in Evocations
 15179 | D:10     | Reached XP level 11. HP: 72/72 MP: 4/17
 15196 | D:10     | Reached *** piety under Nemelex Xobeh
 15399 | D:10     | Found a runed translucent door.
 15399 | D:10     | Noticed a great orb of eyes
 15399 | D:10     | Noticed a fire giant
 15399 | D:10     | Noticed a flayed ghost
 15401 | D:10     | Noticed a fire dragon
 15401 | D:10     | Noticed an orc knight
 15401 | D:10     | Noticed a sphinx
 15401 | D:10     | Noticed an ettin
 15401 | D:10     | Noticed a deep elf mage
 15649 | D:10     | Received a gift from Nemelex Xobeh
 15746 | Lair:1   | Entered Level 1 of the Lair of Beasts
 15782 | Lair:1   | Reached skill level 10 in Invocations
 16159 | Lair:1   | Found a dark tunnel.
 16167 | Volcano  | Entered a volcano
 16184 | Volcano  | Noticed a salamander
 16186 | Volcano  | Noticed a salamander mystic
 16440 | Lair:1   | Noticed slayr's ghost (journeyman OpFE)
 16606 | Lair:1   | Found a transporter.
 16608 | Lair:1   | Found a transporter.
 16672 | Lair:1   | Got a fine lead ring
 16684 | Lair:1   | Identified the ring of Rizaus {rPois MP-9 Str+6 Dex+3} (You
                  | found it on level 1 of the Lair of Beasts)
 17345 | Lair:2   | Found a frozen archway.
 17355 | IceCv    | Entered an ice cave
 18182 | IceCv    | Engulfed by an ice statue's freezing vapour

Levels and vault maps discovered:
D:1:      matt_arrival_los_fun, layout_basic, minmay_strange_pillars
D:2:      layout_rooms, lemuel_coloured_pillars_altar, first_ration, uniq_robin,
          uniq_terence
D:3:      cheibrodos_pilgrimage, layout_loops_corners,
          yredelemnul_altar_generic, uniq_ijyb, uniq_grinder
D:4:      layout_loops_ring
D:5:      layout_loops_corners, gammafunk_ghost_split, grunt_qazlal_sundering,
          uniq_eustachio
D:6:      layout_basic, minmay_temple_entry_glass, portal_sewer_entry_a
D:7:      layout_basic, nicolae_ossuary_entry_monument, serial_shops,
          nicolae_shop_overgrown_old_shop, the_bakery
D:8:      layout_loops_ring, gammafunk_ghost_necromancy, uniq_harold,
          uniq_maurice
D:9:      layout_rooms, eat_drink_and_be_merry_uskayaw,
          grunt_temple_overflow_open, uniq_erica
D:10:     minmay_gate_of_8, layout_irregular_city, due_lair_maze_entry_diamond,
          hangedman_abyss_or_decor_stagger
Temple:   hc_temple_tempest_star
Lair:1:   layout_roguey, lightli_volcano_entry_magma_tube, gammafunk_ghost_hive,
          minivault_11
Lair:2:   layout_hall_layers, nicolae_spider_entry_orb_guardian,
          portal_ice_cave_entry_pillars_1, gammafunk_ghost_necromancy
IceCv:    ice_cave_small_dragons

Skill      XL: |  1  2  3  4  5  6  7  8  9 10 11 |
---------------+----------------------------------+-----
Stealth        | 5 7 |  7.2
Spellcasting   | 3 |  3.0
Hexes          | 4 5 6 7 9 10 | 10.0
Fighting       | 3 4 6 |  6.0
Dodging        | 4 5 8 |  8.3
Invocations    | 4 6 9 10 | 10.0
Evocations     | 3 5 |  5.0
Short Blades   | |  1.0

Action                   |  1- 3 |  4- 6 |  7- 9 | 10-12 || total
-------------------------+-------+-------+-------+-------++-------
Melee: Dagger            |    84 |     5 |       |       ||    89
       Constrict         |    22 |    42 |    97 |    38 ||   199
       Tentacles         |    14 |    26 |    50 |    56 ||   146
       Short sword       |       |   147 |   383 |   279 ||   809
 Cast: Ensorcelled Hiber |     3 |    10 |    12 |    23 ||    48
       Corona            |     3 |     7 |       |       ||    10
       Confuse           |       |     3 |     9 |    52 ||    64
       Tukima's Dance    |       |       |     5 |       ||     5
 Abil: Draw Escape       |       |       |       |     2 ||     2
       Draw Summoning    |       |       |       |     2 ||     2
       Draw Destruction  |       |       |       |     5 ||     5
Evoke: Wand              |       |       |       |     2 ||     2
  Use: Scroll            |       |     5 |    15 |     5 ||    25
       Potion            |       |     1 |     3 |     7 ||    11
 Stab: Sleeping          |     7 |    15 |    42 |    21 ||    85
       Distracted        |       |     1 |     2 |       ||     3
       Confused          |       |       |     4 |    12 ||    16
  Eat: Chunk             |     6 |     9 |    12 |    10 ||    37
       Ration            |       |       |     3 |     5 ||     8
Armor: Skin              |     6 |     9 |    18 |     8 ||    41
Dodge: Dodged            |    70 |    96 |   277 |   165 ||   608

Table legend:
 A = Non-vault XP
 B = Vault XP
 C = Vault XP percentage of total XP
 D = Non-vault monster count
 E = Vault monster count
 F = Vault count percentage of total count
                 A         B        C        D         E       F
            +---------+---------+-------+---------+---------+-------
      Total |    8510 |    6088 |  41.7 |     225 |     132 |  37.0
            +---------+---------+-------+---------+---------+-------
        D:1 |      46 |      16 |  25.8 |      20 |       9 |  31.0
        D:2 |      62 |      62 |  50.0 |      16 |       5 |  23.8
        D:3 |     327 |      88 |  21.2 |      49 |       6 |  10.9
        D:4 |     358 |       0 |   0.0 |      18 |       0 |   0.0
        D:5 |     355 |     185 |  34.3 |      22 |       1 |   4.3
        D:6 |     944 |      12 |   1.3 |      27 |       8 |  22.9
        D:7 |    1262 |     224 |  15.1 |      10 |       1 |   9.1
        D:8 |     348 |     944 |  73.1 |       9 |       2 |  18.2
        D:9 |    1299 |     902 |  41.0 |      18 |       1 |   5.3
       D:10 |     901 |    1084 |  54.6 |      22 |      10 |  31.2
     Temple |      37 |       0 |   0.0 |       3 |       0 |   0.0
     Lair:1 |    2571 |       0 |   0.0 |      11 |       0 |   0.0
      Sewer |       0 |     114 | 100.0 |       0 |      48 | 100.0
    Ossuary |       0 |     284 | 100.0 |       0 |      28 | 100.0
      IceCv |       0 |    2173 | 100.0 |       0 |      13 | 100.0
            +---------+---------+-------+---------+---------+-------
